 Dungeon Crawl Stone Soup version 0.15.2 (webtiles) character file.

9672 magipi the Basher (level 11, 0/82 HPs)
             Began as a Ghoul Assassin on Apr 17, 2016.
             Was a High Priest of Makhleb.
             Killed by divine providence
             ... invoked by an orc priest
              (10 damage)
             ... on Level 12 of the Dungeon.
             The game lasted 01:39:18 (11042 turns).

magipi the Basher (Ghoul Assassin)                 Turns: 11042, Time: 01:39:18

HP   0/82        AC 15     Str 16      XL: 11   Next: 50%
MP  20/20        EV  4     Int  7      God: Makhleb [*****.]
Gold 1020        SH  0     Dex 12      Spells:  0 memorised, 10 levels left

rFire  . . .     SeeInvis +     a - +0 broad axe
rCold  + . .     Clarity  +     D - +0 plate armour
rNeg   + + +     rCorr    .     (no shield)
rPois  +         rRot     +     n - +0 helmet
rElec  .         Spirit   .     d - +0 cloak
SustAb .         Warding  .     l - +0 pair of gloves
rMut   .         Rnd*Tele +     (no boots)
Saprov + + +                    s - amulet of clarity
MR     .....                    t - ring of teleportation
                                i - ring of see invisible

@: rotting, not resistant to hostile enchantments, extremely unstealthy
A: rotting body, claws 1, carnivore 3, cold resistance 1, negative energy
resistance 3, poison resistance, saprovore 3, slow healing 1, torment
resistance, unbreathing
a: Minor Destruction, Lesser Servant of Makhleb, Major Destruction, Greater
Servant of Makhleb, Renounce Religion, Evoke Teleportation


You were on level 12 of the Dungeon.
You worshipped Makhleb.
Makhleb was extremely pleased with you.
You were not hungry.

You visited 3 branches of the dungeon, and saw 16 of its levels.
You also visited: Sewer.

You collected 1020 gold pieces.

Inventory:

Hand weapons
 a - a +0 broad axe (weapon)
 b - a +0 blowgun
 x - a +2 dagger
 A - a +0 whip of flaming
 K - a +1 whip of draining
 O - a +1 vampiric hand axe
Missiles
 c - 8 tomahawks (quivered)
 e - 29 poisoned needles
 f - 2 curare-tipped needles
Armour
 d - a +0 cloak (worn)
 j - a mottled dragon hide
 l - a +0 pair of gloves (worn)
 n - a +0 helmet (worn)
 y - a +0 chain mail
 z - a +0 scale mail
 D - a +0 plate armour (worn)
Magical devices
 r - a wand of slowing (10)
 u - a wand of fire (3)
 v - a wand of confusion (0)
 G - a wand of flame (14)
Comestibles
 o - a meat ration
 q - 2 chunks of big kobold flesh
 F - a chunk of kobold flesh
 H - 5 royal jellies
Scrolls
 m - 2 scrolls of noise
 B - a scroll of magic mapping
 L - a scroll of fog
 N - a scroll of recharging
Jewellery
 i - a ring of see invisible (left hand)
 s - an amulet of clarity (around neck)
 t - a ring of teleportation (right hand)
 C - an uncursed amulet of the gourmand {unknown}
 R - an uncursed amulet of warding
Potions
 g - 2 potions of flight
 p - 4 potions of curing
 w - 2 potions of brilliance
 J - a potion of magic
Books
 k - a Young Poisoner's Handbook

   Spells                             Type                      Level
   Sting                              Conjuration/Poison           1
   Cure Poison                        Poison                       2
   Mephitic Cloud                     Conjuration/Poison/Air       3
   Olgreb's Toxic Radiance            Poison                       4
   Venom Bolt                         Conjuration/Poison           5
 E - a book of Minor Magic

   Spells                             Type                      Level
   Magic Dart                         Conjuration                  1
   Blink                              Translocation                2
   Call Imp                           Summoning                    2
   Repel Missiles                     Charms/Air                   2
   Slow                               Hexes                        2
   Conjure Flame                      Conjuration/Fire             3
   Mephitic Cloud                     Conjuration/Poison/Air       3
Rods
 h - a +1 rod of inaccuracy (13/13)
   (You took it off an orc on level 12 of the Dungeon)


   Skills:
 - Level 3.3 Fighting
 - Level 1.7 Short Blades
 + Level 4.8(8.4) Axes
 - Level 10.6(11.1) Maces & Flails
 - Level 4.1 Throwing
 - Level 4.7 Armour
 - Level 0.8 Dodging
 - Level 4.3 Stealth
 + Level 6.1 Invocations
 - Level 7.8 Evocations


You had 10 spell levels left.
You didn't know any spells.

Dungeon Overview and Level Annotations

Branches:
Dungeon (12/15)            Temple (1/1) D:4             Orc (3/4) D:11
    Elf (0/3) Orc:3          Lair (0/8) D:9

Altars:
Elyvilon
Fedhas
Kikubaaqudgha
Makhleb
Okawaru
Qazlal
Sif Muna
Xom
Yredelemnul
Zin
The Shining One
Beogh

Shops:
D:4 :

Annotations:
D:3 glosham's ghost, average GrHe
Orc:2 Snorg


Innate Abilities, Weirdness & Mutations

Your body is rotting away.
You have sharp fingernails.
You are carnivorous and can eat meat at any time.
Your flesh is cold resistant.
You are immune to negative energy.
Your system is resistant to poisons.
You thrive on rotten meat.
You heal slowly when monsters are visible.
You are immune to unholy pain and torment.
You can survive without breathing.

Vault maps used:
D:1:      lemuel_arrival_funnel
D:2:      lemuel_round_altar, okawaru_metal_pillars_1_2,
          nicolae_overflow_hidden_temple, grunt_qazlal_clouds
D:3:      zin_academy, uniq_jessica, uniq_terence
D:4:      serial_park_square1, kennysheep_mini,
          lemuel_zombie_altar_kikubaaqudgha,
          minmay_temple_entry_statues_pillars, serial_shops,
          nicolae_shop_competitors_out_of_business, first_bread,
          hangedman_decor_opposing, kennysheep_doodads
D:5:      kennysheep_mini_moat, overflow_temple_1_default, minitemple,
          minmay_temple_entry_glass, portal_sewer_entry_e,
          kennysheep_cross_bottleneck, serial_bayou_lagoon_b
D:6:      beetle_altar_2, uniq_sigmund, uniq_natasha
D:7:      basic_altar, uniq_pikel
D:9:      erik_lair_orcish_takeover, hangedman_tell_no_tales, minmay_holes,
          minmay_misc_feat_iff, hangedman_decor_push, small_chamber_with_monster
D:10:     kennysheep_pointless_box
D:11:     orc_0_dummy, uniq_psyche, uniq_fannar
Temple:   nicolae_temple_hex_pool_5
Orc:2:    uniq_snorg
Orc:3:    basic_altar, nicolae_orc_pool_cavern, uniq_nergalle, uniq_joseph,
          uniq_nessos
Sewer:    sewer_co_tree


Message History

Things that are here:
a club; 4 stones; a club You now have 1020 gold pieces (gained 6).
You see here an orc corpse.
You offer a prayer to Makhleb.
The orc corpse flares red and disappears.
Makhleb is extremely pleased with you.
Eat one of 2 chunks of kobold flesh? (ye/n/q/i?) This raw flesh tastes good!
You continue eating. x2
Things that are here:
a club; a big kobold skeleton Read which item? (? for menu, Esc to quit)
Okay, then.
Unknown command.
The hill giant shouts!
Your surroundings suddenly seem different.
You see here 2 large rocks.
Unknown command.
The crimson imp shouts!
The crimson imp throws a stone.
The stone hits you but does no damage.
You see here a stone.
The crimson imp throws a stone.
The stone completely misses you.
The crimson imp throws a stone.
The stone hits you but does no damage.
You see here a stone.
The crimson imp throws a stone.
The stone hits you but does no damage.
You see here a stone.
The crimson imp throws a stone.
The stone hits you but does no damage.
You see here a stone.
The crimson imp hits you.
You miss the crimson imp.
The crimson imp shouts, "Scamper away, thou lumpish limp-willed dewberry!"
The crimson imp hits you but does no damage. x2
You closely miss the crimson imp.
The crimson imp hits you but does no damage.
You slash the crimson imp!
You kill the crimson imp!
Makhleb accepts your kill.
You feel a little better.
You see here 14 stones.
The hill giant shouts!
Use which ability? (? or * to list)
You fail to use your ability.
The hill giant hits you with a giant club!
Use which ability? (? or * to list)
You fail to use your ability.
The hill giant hits you with a giant club!!
Use which ability? (? or * to list)
You fail to use your ability.
The hill giant hits you with a giant club!!
* * * LOW HITPOINT WARNING * * *
Unknown command.
You see here a stone.
You see here a stone.
You see here a stone.
You see here 2 large rocks.
Read which item? (? for menu, Esc to quit)
Okay, then.
You see here a poisoned needle.
You see here a stone.
You see here a stone.
An orc and an orc priest come into view.
The orc shouts!
The orc priest shouts!
The orc priest mumbles some strange prayers to Beogh against you.
Something smites you!
* * * LOW HITPOINT WARNING * * *
An orc warrior comes into view. It is wielding a morningstar.
The orc warrior shouts!
An orc comes into view. It is wielding a club.
You see here a poisoned needle.
An orc wizard comes into view. It is wielding a dagger.
The orc shouts!
There is an open door here.
The orc wizard mumbles some strange words.
The orc wizard flickers and vanishes for a moment.
The orc hits you but does no damage.
The orc shouts!
The orc hits you but does no damage.
An orc comes into view. It is wielding a mace.
The orc shouts!
An orc comes into view. It is wielding a falchion.
Your plate armour prevents you from hitting the orc warrior.
Your plate armour prevents you from hitting the hill giant.
You closely miss the orc.
Your plate armour prevents you from hitting the orc.
You slash the orc!
You kill the orc!
Makhleb accepts your kill.
You feel a little better.
The hill giant hits you with a giant club.
* * * LOW HITPOINT WARNING * * *
The orc barely misses you. x2
The orc warrior barely misses you. The orc hits you but does no damage.
The orc barely misses you. The orc barely misses you.
The orc hits you but does no damage. The orc hits you but does no damage.
The orc priest calls down the wrath of Beogh upon you.
Something smites you!
You die...

#....................#
#....................#
#....................#
#....................##
#...................<..
#######......................
#................o...........
#..........#'##########(.....
#..........#@.........'......
#..........#..Co....o.#......
######.....#.oooo.....#......
#.....#(..o......#...###
#.....#(.........#...#
#...###.(........#...#
#...#..(.........#...#
#...#............#..##
#...########.....#.


You could see a hill giant, an orc warrior, an orc priest, an orc wizard
(invisible) and 4 orcs.

Table legend:
 A = Kills in this place as a percentage of kills in entire the game.
 B = Kills by you in this place as a percentage of kills by you in the entire game.
 C = Kills by friends in this place as a percentage of kills by friends in the entire game.
 D = Other kills in this place as a percentage of other kills in the entire game.
 E = Experience gained in this place as a percentage of experience gained in the entire game.
 F = Experience gained in this place divided by the number of levels of this place that you have seen.
                   A       B       C       D       E      F
               +-------+-------+-------+-------+-------+----------------------
         Total | 100.0 | 100.0 | 100.0 | 100.0 | 100.0 | 812.8
       Dungeon |  65.7 |  66.1 |   0.0 |   0.0 |  77.0 | 886.9
  Orcish Mines |  26.2 |  25.8 | 100.0 | 100.0 |  20.6 | 950.3
         Sewer |   8.1 |   8.1 |   0.0 |   0.0 |   2.3 | 324.0
               +-------+-------+-------+-------+-------+----------------------

Vanquished Creatures
  Nessos (Orc:3)
  An unseen horror (D:10)
  2 hill giants (D:10)
  Pikel (D:6)
  An orc sorcerer (Orc:2)
  A troll (D:10)
  5 yaks
  2 deep elf magi
  2 hippogriffs
  3 hungry ghosts
  A vampire mosquito (D:9)
  A mottled dragon (D:11)
  4 orc warriors
  4 wargs
  A phantom (D:6)
  A slave (D:7)
  A yellow wasp (D:11)
  3 centaurs
  8 ogres
  A black bear (D:10)
  Sigmund (D:6)
  4 big kobolds
  2 giant frogs
  6 killer bees (D:9)
  2 scorpions
  2 spriggan skeletons (D:9)
  2 crimson imps
  2 goliath beetles (D:6)
  A centaur zombie (D:8)
  2 hounds
  2 jellies
  A quasit (D:12)
  13 orc priests
  3 worker ants
  A centaur skeleton (D:9)
  Natasha (D:6)
  An iguana (D:9)
  12 orc wizards
  Jessica (D:3)
  A mottled dragon skeleton (D:11)
  An ogre skeleton (D:9)
  Terence (D:3)
  A mummy (D:10)
  3 gnolls
  2 shadow imps
  11 adders
  2 giant mites
  6 green rats
  3 worms
  An orc zombie (D:12)
  An adder zombie (D:7)
  3 oozes (Sewer)
  74 orcs
  8 ball pythons
  10 bats
  5 giant cockroaches
  11 hobgoblins
  14 jackals
  4 giant geckos
  5 giant newts
  3 giant spores
  16 goblins
  A goblin skeleton (D:4)
  2 hobgoblin skeletons
  28 kobolds
  A kobold zombie (D:7)
  2 quokkas
  23 rats
  13 ballistomycetes
359 creatures vanquished.

Vanquished Creatures (collateral kills)
  An orc (Orc:2)
1 creature vanquished.

Vanquished Creatures (others)
  An orc priest (Orc:1)
1 creature vanquished.

Grand Total: 361 creatures vanquished

Notes
Turn   | Place    | Note
--------------------------------------------------------------
     0 | D:1      | magipi, the Ghoul Assassin, began the quest for the Orb.
     0 | D:1      | Reached XP level 1. HP: 17/17 MP: 1/1
   151 | D:1      | Reached XP level 2. HP: 25/25 MP: 2/2
   482 | D:2      | Found a stormy altar of Qazlal.
   647 | D:2      | Found an iron altar of Okawaru.
   648 | D:2      | Reached XP level 3. HP: 29/29 MP: 3/3
   699 | D:2      | Found a basalt altar of Yredelemnul.
   865 | D:2      | Found a deep blue altar of Sif Muna.
  1218 | D:3      | Noticed Terence
  1219 | D:3      | Noticed glosham's ghost (average GrHe)
  1227 | D:3      | Noticed an ogre
  1309 | D:2      | Reached XP level 4. HP: 20/38 MP: 3/3
  1324 | D:1      | Reached skill level 1 in Maces & Flails
  1359 | D:3      | Noticed Jessica
  1364 | D:3      | Killed Jessica
  1429 | D:3      | Killed Terence
  1429 | D:3      | Reached XP level 5. HP: 42/44 MP: 4/4
  1606 | D:4      | Found Psoat's Book Emporium.
  1654 | D:3      | Found a glowing silver altar of Zin.
  2212 | D:3      | Killed an ogre
  2212 | D:3      | Reached XP level 6. HP: 45/51 MP: 5/5
  2386 | D:4      | Found a staircase to the Ecumenical Temple.
  2392 | Temple   | Entered the Ecumenical Temple
  2403 | Temple   | Became a worshipper of Makhleb the Destroyer
  2450 | D:5      | Entered Level 5 of the Dungeon
  2463 | D:5      | Found a blossoming altar of Fedhas.
  2465 | D:5      | Found a white marble altar of Elyvilon.
  2482 | D:5      | Found a staircase to the Ecumenical Temple.
  2677 | D:5      | Found a glowing golden altar of the Shining One.
  2833 | D:4      | Noticed a phantom
  2885 | D:5      | Found a shimmering altar of Xom.
  3037 | D:5      | Found a glowing drain.
  3052 | Sewer    | Entered a sewer
  3207 | Sewer    | Acquired Makhleb's first power
  3258 | Sewer    | Reached XP level 7. HP: 56/56 MP: 5/5
  3487 | Sewer    | Reached skill level 5 in Maces & Flails
  3985 | D:6      | Reached skill level 6 in Maces & Flails
  4028 | D:6      | Noticed Sigmund
  4042 | D:6      | Killed Sigmund
  4119 | D:6      | Noticed Natasha
  4130 | D:6      | Reached XP level 8. HP: 57/60 MP: 6/6
  4136 | D:6      | Killed Natasha
  4209 | D:7      | Reached skill level 7 in Maces & Flails
  4211 | D:7      | Acquired Makhleb's second power
  4253 | D:7      | Noticed Pikel
  4350 | D:6      | Killed Pikel
  4350 | D:6      | Reached skill level 8 in Maces & Flails
  4435 | D:6      | Reached skill level 9 in Maces & Flails
  4435 | D:6      | Reached XP level 9. HP: 18/67 MP: 7/7
  4924 | D:7      | Found an ancient bone altar of Kikubaaqudgha.
  5529 | D:9      | You fall through a shaft!
  5543 | D:11     | Reached skill level 1 in Evocations
  5972 | D:11     | Reached skill level 10 in Maces & Flails
  6027 | D:10     | Entered Level 10 of the Dungeon
  6027 | D:10     | Noticed a hill giant
  6284 | D:10     | Noticed an unseen horror
  6322 | D:10     | Killed an unseen horror
  6322 | D:10     | Reached skill level 5 in Evocations
  6322 | D:10     | Reached XP level 10. HP: 75/75 MP: 13/16
  6364 | D:10     | Acquired Makhleb's third power
  6451 | D:10     | Killed a hill giant
  7320 | D:9      | Found a staircase to the Lair.
  8177 | D:10     | Acquired Makhleb's fourth power
  8235 | D:10     | Noticed a manticore
  8275 | D:11     | Found a staircase to the Orcish Mines.
  8356 | Orc:1    | Entered Level 1 of the Orcish Mines
  8520 | Orc:1    | Reached skill level 1 in Invocations
  8586 | Orc:1    | Reached skill level 1 in Axes
  8735 | Orc:1    | Acquired Makhleb's fifth power
  9080 | Orc:1    | Reached XP level 11. HP: 82/82 MP: 20/20
  9195 | Orc:2    | Noticed Snorg
  9316 | Orc:3    | Noticed an orc knight
  9458 | Orc:3    | Noticed Nessos
  9586 | Orc:3    | Found a staircase to the Elven Halls.
  9633 | Orc:3    | Killed Nessos
  9712 | Orc:3    | Found a roughly hewn altar of Beogh.
  9915 | D:10     | Reached skill level 5 in Invocations
 10131 | D:10     | Noticed a hill giant
 10164 | D:10     | Killed a hill giant
 10732 | D:12     | Noticed a hill giant
 11042 | D:12     | Killed from afar by an orc priest

Action                   |  1- 3 |  4- 6 |  7- 9 | 10-12 || total
-------------------------+-------+-------+-------+-------++-------
Melee: Dagger            |    40 |       |       |       ||    40
       Whip              |    72 |   273 |   528 |   505 ||  1378
       Hand axe          |       |       |    52 |       ||    52
       Broad axe         |       |       |       |   368 ||   368
 Fire: Blowgun           |     7 |     9 |    86 |    54 ||   156
Throw: Tomahawk          |       |       |       |     3 ||     3
Invok: Lesser Servant of |       |       |       |     2 ||     2
 Abil: Evoke Teleportati |     1 |       |     3 |     3 ||     7
Evoke: Wand              |       |     2 |    11 |    12 ||    25
  Use: Scroll            |     3 |     6 |    14 |     3 ||    26
       Potion            |       |     1 |     7 |     6 ||    14
 Stab: Sleeping          |     7 |       |     2 |       ||     9
       Distracted        |       |     3 |       |       ||     3
       Invisible         |       |       |     1 |       ||     1
       Confused          |       |       |       |     3 ||     3
  Eat: Chunk             |    12 |    21 |    20 |    87 ||   140
       Beef jerky        |       |       |     1 |       ||     1

Action                   |  1- 3 |  4- 6 |  7- 9 | 10-12 || total
-------------------------+-------+-------+-------+-------++-------
Melee: Dagger            |    40 |       |       |       ||    40
       Whip              |    72 |   273 |   528 |   505 ||  1378
       Hand axe          |       |       |    52 |       ||    52
       Broad axe         |       |       |       |   368 ||   368
 Fire: Blowgun           |     7 |     9 |    86 |    54 ||   156
Throw: Tomahawk          |       |       |       |     3 ||     3
Invok: Lesser Servant of |       |       |       |     2 ||     2
 Abil: Evoke Teleportati |     1 |       |     3 |     3 ||     7
Evoke: Wand              |       |     2 |    11 |    12 ||    25
  Use: Scroll            |     3 |     6 |    14 |     3 ||    26
       Potion            |       |     1 |     7 |     6 ||    14
 Stab: Sleeping          |     7 |       |     2 |       ||     9
       Distracted        |       |     3 |       |       ||     3
       Invisible         |       |       |     1 |       ||     1
       Confused          |       |       |       |     3 ||     3
  Eat: Chunk             |    12 |    21 |    20 |    87 ||   140
       Beef jerky        |       |       |     1 |       ||     1

Action                   |  1- 3 |  4- 6 |  7- 9 | 10-12 || total
-------------------------+-------+-------+-------+-------++-------
Melee: Dagger            |    40 |       |       |       ||    40
       Whip              |    72 |   273 |   528 |   505 ||  1378
       Hand axe          |       |       |    52 |       ||    52
       Broad axe         |       |       |       |   368 ||   368
 Fire: Blowgun           |     7 |     9 |    86 |    54 ||   156
Throw: Tomahawk          |       |       |       |     3 ||     3
Invok: Lesser Servant of |       |       |       |     2 ||     2
 Abil: Evoke Teleportati |     1 |       |     3 |     3 ||     7
Evoke: Wand              |       |     2 |    11 |    12 ||    25
  Use: Scroll            |     3 |     6 |    14 |     3 ||    26
       Potion            |       |     1 |     7 |     6 ||    14
 Stab: Sleeping          |     7 |       |     2 |       ||     9
       Distracted        |       |     3 |       |       ||     3
       Invisible         |       |       |     1 |       ||     1
       Confused          |       |       |       |     3 ||     3
  Eat: Chunk             |    12 |    21 |    20 |    87 ||   140
       Beef jerky        |       |       |     1 |       ||     1
